 Dungeon Crawl Stone Soup version 0.31-a0-150-g89dc3ad700 (webtiles) character file.

Game seed: 6639364134581700182

92 qw the Shooter (level 4, -7/28 HPs)
             Began as a Gargoyle Hunter on June 8, 2023.
             Mangled by Grinder (9 damage)
             ... on level 3 of the Dungeon.
             The game lasted 00:00:40 (1766 turns).

qw the Shooter (Gargoyle Hunter)                    Turns: 1766, Time: 00:00:41

Health: -7/28      AC:  7    Str: 14    XL:     4   Next: 60%
Magic:  4/4        EV: 11    Int: 10    God:
Gold:   123        SH:  0    Dex: 15    Spells: 3/3 levels left

rFire   . . .        Y - +1 shortbow
rCold   + . .        (shield currently unavailable)
rNeg    + . .        c - +0 leather armour
rPois   inf          (no helmet)
rElec   +            (no cloak)
rCorr   .            (no gloves)
SInv    .            k - +0 pair of boots
Will    .....        (no amulet)
Stlth   ++           b - ring of protection from cold
HPRegen 0.24/turn    (no ring)
MPRegen 0.09/turn

%: no passive effects
@: about to teleport
A: sickness immunity, AC +3, negative energy resistance 1, electricity
resistance, torment resistance 1, petrification resistance
a: no special abilities


You were on level 3 of the Dungeon.
You visited 1 branch of the dungeon, and saw 3 of its levels.

You collected 123 gold pieces.


Innate Abilities, Weirdness & Mutations

You are immune to sickness and miasma.
Your stone body is resilient. (AC +3)
You are immune to poison.
You resist negative energy. (rN+)
You are resistant to electric shocks. (rElec)
You are resistant to unholy torment.
You are immune to petrification.


   Skills:
 - Level 3.0 Fighting
 + Level 5.5 Ranged Weapons
 - Level 1.5 Dodging
 - Level 1.1 Stealth


You had 3 spell levels left.
You didn't know any spells.
Your spell library was empty.

Inventory:

Hand Weapons
 Y - a +1 shortbow (weapon)
Armour
 c - a +0 leather armour (worn)
 k - a +0 pair of boots (worn)
Jewellery
 a - a ring of see invisible
 b - a ring of protection from cold (left hand)
 e - a ring of ice
Scrolls
 d - 3 scrolls of teleportation
 i - 2 scrolls of fear {unknown}
 j - a scroll of identify
Potions
 f - a potion of enlightenment {unknown}
 g - a potion of curing
 h - 3 potions of attraction {unknown}
 l - a potion of lignification {unknown}

Dungeon Overview and Level Annotations

Branches:
Dungeon (3/15)

Altars:
Hepliaklqana

Annotations:
D:3 Grinder


Message History

You shoot an arrow.
The arrow hits Grinder but does no damage.
You shoot an arrow. The arrow hits Grinder.
Grinder is lightly wounded.
Grinder hits you but does no damage.
You shoot an arrow. The arrow hits Grinder.
Grinder is lightly wounded.
Grinder gestures at you. Pain shoots through your body!
You shoot an arrow. The arrow closely misses Grinder.
Grinder gestures at you. You resist with significant effort.
You shoot an arrow. The arrow closely misses Grinder.
Grinder hits you but does no damage.
Grinder blinks!
You shoot an arrow. The arrow hits Grinder.
Grinder is lightly wounded.
You shoot an arrow. The arrow hits Grinder!
Grinder is moderately wounded.
You shoot an arrow. The arrow closely misses Grinder.
You shoot an arrow. The arrow barely misses Grinder.
Grinder completely misses you.
You shoot an arrow. The arrow hits Grinder!
Grinder is severely wounded.
Grinder gestures at you. Pain shoots through your body!
You shoot an arrow. The arrow barely misses Grinder.
Grinder hits you.
You shoot an arrow. The arrow closely misses Grinder.
Grinder hits you.
You writhe in agony.
You shoot an arrow. The arrow barely misses Grinder.
Grinder hits you.
You writhe in agony.
1765 ||| READING 4 scrolls of teleportation.
As you read the scroll of teleportation, it crumbles to dust.
You feel strangely unstable.
Grinder says, "Wait up."
Grinder hits you.
You writhe in agony.
You shoot an arrow. The arrow hits Grinder.
Grinder is severely wounded.
Grinder closely misses you. Grinder hits you!
You die...

....)........#
#.####.......# #.#
+.......# ..# #.......+
### ##.#....# # #.#....#
#+ # ##.#....# ..
#.####..[...######.##.##
................@.......
...########...##5#..###.
##..# ######.# .# ## ..#
... # .# . ..## .# ....
.# .### .# #. .#


You could see Grinder.

Vanquished Creatures
  4 adders
  2 worms (D:2)
  3 dart slugs
  An orc (D:3)
  An endoplasm (D:1)
  2 giant cockroaches
  5 goblins
  4 hobgoblins
  2 kobolds (D:2)
  A quokka (D:2)
  6 ball pythons
  4 bats
  6 frilled lizards (D:2)
  7 rats
48 creatures vanquished.

Notes
Turn   | Place    | Note
-------+----------+-------------------------------------------
     0 | D:1      | qw the Gargoyle Hunter began the quest for the Orb.
     0 | D:1      | Reached XP level 1. HP: 12/12 MP: 1/1
     0 | D:1      | 0 ||| qw: Version: 0.2-a-119-g7aa9181
     0 | D:1      | 0 ||| qw: Game counter: 2878
     0 | D:1      | 0 ||| qw: Always use a shield: true
     0 | D:1      | 0 ||| qw: God list: Okawaru
     0 | D:1      | 0 ||| qw: Allow faded altars: false
     0 | D:1      | 0 ||| qw: Do Orc after D:15 true
     0 | D:1      | 0 ||| qw: Do second Lair branch before Depths: true
     0 | D:1      | 0 ||| qw: Lair rune preference: random
     0 | D:1      | 0 ||| qw: Plans: Normal
     0 | D:1      | 0 ||| PLANNING D:1-11
    92 | D:1      | Reached XP level 2. HP: 11/17 MP: 2/2
   164 | D:1      | Found a faded altar of an unknown god.
   686 | D:1      | 686 ||| UPGRADING to +0 pair of boots.
   691 | D:1      | 691 ||| READING scroll labelled OTHRE LAT UNLEORAI.
   692 | D:1      | 692 ||| READING scroll labelled UROFFE VUOSM.
   696 | D:1      | 696 ||| READING scroll labelled CICROCRUAGO.
   697 | D:1      | 697 ||| READING 2 scrolls labelled UGUARU LOELOANUNI.
   698 | D:1      | 698 ||| READING 3 scrolls labelled GONLUC BYOST.
   699 | D:1      | 699 ||| READING scroll labelled WEJUESKO KEIMA.
   700 | D:1      | 700 ||| DRINKING 2 red potions.
   701 | D:1      | 701 ||| READING 2 scrolls of identify.
   701 | D:1      | 701 ||| IDENTIFYING inky potion
   702 | D:1      | 702 ||| DROPPING scroll of butterflies.
   703 | D:1      | 703 ||| DROPPING potion of degeneration.
   704 | D:1      | 704 ||| DROPPING scroll of vulnerability.
   734 | D:2      | 734 ||| STAIRDANCE
   745 | D:1      | Reached skill level 5 in Ranged Weapons
   745 | D:1      | Reached XP level 3. HP: 15/21 MP: 3/3
   839 | D:2      | Reached skill level 3 in Fighting
   852 | D:2      | Reached XP level 4. HP: 28/28 MP: 4/4
   869 | D:2      | Found a hazy altar of Hepliaklqana.
  1549 | D:2      | 1549 ||| UPGRADING to ring of protection from cold.
  1550 | D:2      | 1550 ||| READING scroll labelled VANGYG PEPHOI.
  1751 | D:3      | Noticed Grinder
  1764 | D:3      | HP: 6/28 [Grinder (2)]
  1765 | D:3      | 1765 ||| READING 4 scrolls of teleportation.
  1765 | D:3      | HP: 2/28 [Grinder (1)]
  1766 | D:3      | Mangled by Grinder

Levels and vault maps discovered:
D:1:      lemuel_arrival_behind_the_door_large, layout_loops_ring,
          basic_ecumenical_altar
D:2:      layout_basic, basic_altar, minmay_lizard_pond
D:3:      kennysheep_big_flooded_room, layout_basic,
          mainiacjoe_overflow_24_doors, uniq_grinder

Skill      XL: |  1  2  3 |
---------------+----------+-----
Ranged Weapons | 5 |  5.5
Fighting       | 3 |  3.0
Dodging        | |  1.5
Stealth        | |  1.1

Action                     |  1- 3 |  4- 6 || total
---------------------------+-------+-------++-------
   Fire: Shortbow          |    86 |    66 ||   152
    Use: Scroll            |     7 |     2 ||     9
         Potion            |     1 |       ||     1
 Armour: Leather armour    |    13 |     7 ||    20
  Dodge: Dodged            |    15 |     9 ||    24

Table legend:
 A = Non-vault XP
 B = Vault XP
 C = Vault XP percentage of total XP
 D = Non-vault monster count
 E = Vault monster count
 F = Vault count percentage of total count
                 A         B        C        D         E       F
            +---------+---------+-------+---------+---------+-------
      Total |     127 |       5 |   3.8 |      43 |       5 |  10.4
            +---------+---------+-------+---------+---------+-------
        D:1 |      41 |       0 |   0.0 |      18 |       0 |   0.0
        D:2 |      65 |       5 |   7.1 |      20 |       5 |  20.0
        D:3 |      21 |       0 |   0.0 |       5 |       0 |   0.0
            +---------+---------+-------+---------+---------+-------
